Map: Flashback LE

Players

A.I. 1 (Elite) - Winner!

  • Race: Protoss Protoss
  • Spawn Location: 9:00

Furis

  • Race: Terran Terran
  • Spawn Location: 7:00

VOD

Have the link to the VOD?

Description

Time

  • Played on: March 31, 2021, 3:13 p.m.
  • Length: 6:19
Show
View Real Time Build Order
Export as new Build Order

A.I. 1 (Elite) Protoss - Winner!

Build Orders: 1 Gate Expand 

Get SALT Encoding   

  12  0:00  Probe  
  13  0:13  Probe  
  14  0:19  Pylon  
  14  0:25  Probe  
  15  0:33  Probe  
  15  0:42  Probe  
  16  0:48  Assimilator  
  17  0:50  Gateway  
  17  0:51  Probe  
  18  1:00  Probe  
  18  1:01  Pylon  
  19  1:08  Probe  
  19  1:18  Probe  
  21  1:30  Probe  
  22  1:40  Nexus  
  22  1:42  Probe  
  23  1:47  Zealot  
  25  1:58  Probe  
  25  2:00  Cybernetics Core  
  26  2:06  Probe  
  26  2:14  Probe  
  28  2:25  Pylon  
  28  2:26  Probe  
  29  2:33  Stalker  
  29  2:35  Gateway  
  29  2:38  Warp Gate  
  29  2:39  Assimilator  
  29  2:43  Probe  
  32  2:55  Probe, Pylon  
  33  2:58  Adept  
  33  2:59  Probe  
  36  3:07  Probe  
  36  3:08  Probe  
  38  3:15  Robotics Facility  
  38  3:17  Probe  
  38  3:22  Adept  
  36  3:31  Forge  
  36  3:47  Probe  
  36  3:50  Probe  
  36  3:55  Probe  
  35  4:00  Observer  
  37  4:03  Probe x2  
  37  4:07  Photon Cannon  
  37  4:09  Photon Cannon  
  39  4:11  Adept  
  39  4:15  Probe x2  
  35  4:27  Probe x2  
  37  4:39  Probe x2  
  39  4:47  Adept  
  39  4:51  Probe x2  
  37  5:03  Probe x2  
  39  5:12  Probe  
  39  5:15  Probe  
  39  5:20  Probe  
  41  5:28  Probe  
  39  5:29  Probe  
  40  5:40  Probe  
  40  5:42  Probe  
  39  5:48  Twilight Council  
  39  5:51  Probe  
  39  5:54  Probe  
  41  5:59  Probe  
  42  6:06  Probe  
  43  6:14  Stalker  
Show
View Real Time Build Order
Export as new Build Order

Furis Terran 

Build Orders: 1/1/1 

Get SALT Encoding   

  12  0:00  SCV  
  13  0:12  SCV  
  14  0:18  Supply Depot  
  14  0:25  SCV  
  15  0:30  Refinery  
  15  0:45  Barracks  
  15  0:50  SCV  
  16  1:02  SCV  
  17  1:05  Refinery  
  17  1:14  SCV  
  18  1:32  Orbital Command  
  18  1:36  Factory  
  18  1:42  Barracks Reactor  
  18  1:50  Supply Depot  
  18  2:00  SCV  
  19  2:21  Starport  
  19  2:26  Armory, SCV  
  20  2:30  Widow Mine x2  
  24  2:42  SCV  
  25  2:51  Supply Depot  
  25  2:53  Widow Mine x2  
  25  2:54  SCV  
  30  3:13  Medivac  
  32  3:26  Widow Mine  
  32  3:27  Widow Mine  
  36  3:28  SCV  
  37  3:35  Terran Vehicle And Ship Armor Level 1  
  37  3:40  SCV  
  38  4:05  Supply Depot  
  38  4:06  Supply Depot  
  38  4:26  Medivac  
  38  4:27  Widow Mine x2  
  38  4:58  Factory  
  38  4:59  Barracks  
  38  5:05  Command Center  
  32  5:43  Factory Tech Lab  
  32  5:44  Factory Tech Lab  
  32  5:50  SCV  
  32  5:56  Armory  
  33  6:02  SCV  
Tags
 
Add a new tag
Caveats
  • Supply blocks, unpowered buildings, or Contaminate may cause inaccurate times.
  • Supply counts are checked every 10 seconds.